 Dungeon Crawl Stone Soup version 0.30-a0-170-g85af917532 (webtiles) character file.

Game seed: 12334920812143483165

114 qw the Chopper (level 4, -1/28 HPs)
             Began as a Gargoyle Fighter on Sept 30, 2022.
             Killed from afar by Natasha (8 damage)
             ... with a bolt of dispelling energy
             ... on level 2 of the Dungeon.
             The game lasted 00:00:25 (2082 turns).

qw the Chopper (Gargoyle Fighter)                   Turns: 2082, Time: 00:00:26

Health: -1/28      AC: 10    Str: 21    XL:     4   Next: 97%
Magic:  0/4        EV: 10    Int:  9    God:
Gold:   139        SH:  5    Dex: 15    Spells: 3/3 levels left

rFire   . . .      SeeInvis .    Y - +0 war axe
rCold   . . .      Faith    .    c - +0 buckler
rNeg    + . .      Spirit   +    b - +0 scale mail
rPois   inf        Reflect  .    (no helmet)
rElec   +          Harm     .    (no cloak)
rCorr   .          Rampage  .    (no gloves)
Will    .....                    (no boots)
Stlth   ..........               i - amulet of guardian spirit
HPRegen 0.09/turn                e - +6 ring of dexterity
MPRegen 0.09/turn                (no ring)

@: no status effects
A: sickness immunity, AC +3, negative energy resistance 1, electricity
resistance, torment resistance 1, petrification resistance
a: no special abilities


You were on level 2 of the Dungeon.
You visited 1 branch of the dungeon, and saw 2 of its levels.

You collected 139 gold pieces.


Innate Abilities, Weirdness & Mutations

You are immune to sickness and miasma.
Your stone body is resilient. (AC +3)
You are immune to poison.
You resist negative energy. (rN+)
You are resistant to electric shocks. (rElec)
You are resistant to unholy torment.
You are immune to petrification.


   Skills:
 - Level 3.2 Fighting
 + Level 4.1 Axes
 - Level 3.2 Armour
 - Level 1.3 Dodging
 - Level 3.2 Shields


You had 3 spell levels left.
You didn't know any spells.
Your spell library was empty.

Inventory:

Hand Weapons
 m - a +0 club
 Y - a +0 war axe (weapon)
Armour
 b - a +0 scale mail (worn)
 c - a +0 buckler (worn)
Jewellery
 e - a +6 ring of dexterity (left hand)
 g - a ring of see invisible
 i - an amulet of guardian spirit (around neck)
 l - an amulet of the acrobat
Scrolls
 a - 3 scrolls of identify
 f - a scroll of brand weapon {unknown}
 h - a scroll of poison {unknown}
 k - a scroll of torment {unknown}
Potions
 d - a potion of might
 j - a potion of curing {unknown}
 n - a potion of flight {unknown}

Dungeon Overview and Level Annotations

Branches:
Dungeon (2/15)

Altars:

Annotations:
D:2 Natasha


Message History

The quokka bites you. You block the quokka's attack.
You slash the quokka!
You kill the quokka!
You start resting.
HP restored.
A bat comes into view.
You hit the bat.
You kill the bat!
Natasha, Servant of Life and Death comes into view.
She is carrying a wand of quicksilver (9).
Natasha hisses angrily.
Natasha drinks a potion.
Natasha seems to speed up.
Natasha casts a spell at you. You resist with some effort.
You closely miss Natasha. Natasha claws you. Natasha closely misses you.
Natasha claws you.
You hit Natasha.
Natasha is lightly wounded.
Natasha completely misses you.
You hit Natasha.
Natasha is heavily wounded.
Natasha completely misses you.
Natasha zaps a wand.
The bolt of dispelling energy misses you.
You hit Natasha.
Natasha is severely wounded.
Natasha stares at you and mumbles some strange words.
You resist with some effort. Natasha claws you but does no damage.
You barely miss Natasha.
Natasha is severely wounded.
Natasha closely misses you. You block Natasha's attack.
You hit Natasha but do no damage.
Natasha is severely wounded.
Natasha zaps a wand.
The bolt of dispelling energy hits you! Natasha claws you.
You miss Natasha.
Natasha is severely wounded.
Natasha barely misses you. Natasha claws you but does no damage.
You closely miss Natasha.
Natasha is severely wounded.
Natasha barely misses you.
Natasha zaps a wand.
The bolt of dispelling energy hits you!
You die...

.#.## #.# #.# .#.#
######### #.# .#.#
........# #.# ##.#
........# #.# #.#
........# #.# #.#
........# #.# ##.#
........## #.# ...#
.......h.# #.# ####
.......@.###### #.#
............... ..#.#
........###########.#.#
........'.........#.#.#
........#########.#.#.#
#.###############.#.#.#
# ..........#.#.#
########..#.#.#
###..#.#.#


You could see Natasha (fast).

Vanquished Creatures
  Jessica (D:2)
  Natasha (twice) (D:2)
  An adder (D:2)
  A worm (D:2)
  2 dart slugs (D:2)
  3 ball pythons
  2 endoplasms (D:1)
  A giant cockroach (D:1)
  2 hobgoblins
  3 quokkas (D:2)
  A bat (D:2)
  A frilled lizard (D:1)
  3 kobolds
23 creatures vanquished.

Notes
Turn   | Place    | Note
-------+----------+-------------------------------------------
     0 | D:1      | qw the Gargoyle Fighter began the quest for the Orb.
     0 | D:1      | Reached XP level 1. HP: 14/14 MP: 1/1
     0 | D:1      | 0 ||| qw: Version: 0.2-a-12-gaebbb33
     0 | D:1      | 0 ||| qw: Game counter: 1545
     0 | D:1      | 0 ||| qw: Always use a shield: true
     0 | D:1      | 0 ||| qw: God list: Okawaru
     0 | D:1      | 0 ||| qw: Allow faded altars: false
     0 | D:1      | 0 ||| qw: Do Orc after D:15 true
     0 | D:1      | 0 ||| qw: Do second Lair branch before Depths: true
     0 | D:1      | 0 ||| qw: Lair rune preference: random
     0 | D:1      | 0 ||| qw: Plans: Normal, Zot:1-4, God:TSO, Crypt, Tomb,
                  | Pan, Slime:5, Hells, Abyss, Orb
     0 | D:1      | 0 ||| PLANNING D:1-11
    57 | D:1      | Reached skill level 2 in Axes
   323 | D:1      | 323 ||| Stepping ~*~*~tactically~*~*~ (stealth).
   326 | D:1      | 326 ||| Stepping ~*~*~tactically~*~*~ (stealth).
   332 | D:1      | Reached XP level 2. HP: 10/19 MP: 2/2
   557 | D:1      | Found a faded altar of an unknown god.
  1080 | D:1      | 1080 ||| UPGRADING to amulet of guardian spirit.
  1085 | D:1      | 1085 ||| UPGRADING to +6 ring of dexterity.
  1086 | D:1      | 1086 ||| READING 2 scrolls labelled KOERCH GUSHIDEO.
  1087 | D:1      | 1087 ||| READING scroll labelled RUD LUHATZUDD.
  1092 | D:1      | 1092 ||| READING scroll labelled VYPIDGH WOEST.
  1239 | D:2      | Noticed Natasha
  1240 | D:2      | 1240 ||| Stepping ~*~*~tactically~*~*~ (hiding).
  1241 | D:2      | 1241 ||| Stepping ~*~*~tactically~*~*~ (hiding).
  1248 | D:2      | Killed Natasha
  1249 | D:2      | Reached skill level 3 in Axes
  1249 | D:2      | Reached XP level 3. HP: 14/23 MP: 3/3
  1264 | D:2      | 1264 ||| FLEEEEING.
  1281 | D:2      | Noticed Natasha
  1284 | D:2      | HP: 5/23 [Natasha (7)]
  1289 | D:2      | Killed Natasha
  1290 | D:2      | Reached skill level 1 in Dodging
  1290 | D:2      | Reached XP level 4. HP: 4/28 MP: 1/4
  1768 | D:2      | Noticed Jessica
  1772 | D:2      | Killed Jessica
  1773 | D:2      | Reached skill level 4 in Axes
  2071 | D:2      | Noticed Natasha
  2080 | D:2      | HP: 7/28 [Natasha (2)]
  2082 | D:2      | Killed from afar by Natasha

Levels and vault maps discovered:
D:1:      dpeg_arrival_erosion, layout_basic,
          shapermc_ecumenical_altar_mp_vishouse, minmay_misc_feat_rows
D:2:      layout_basic, grunt_ministairs_10, lightli_corner_chamber,
          uniq_jessica, uniq_natasha

Skill      XL: |  1  2  3  4 |
---------------+-------------+-----
Axes           | 2 3 4 |  4.1
Dodging        | 1 |  1.3
Fighting       | |  3.2
Armour         | |  3.2
Shields        | |  3.2

Action                   |  1- 3 |  4- 6 || total
-------------------------+-------+-------++-------
Melee: War axe           |    39 |    42 ||    81
  Use: Scroll            |     3 |       ||     3
Armor: Scale mail        |    14 |    11 ||    25
Dodge: Dodged            |    22 |    22 ||    44
Block: Buckler           |     4 |     9 ||    13

Table legend:
 A = Non-vault XP
 B = Vault XP
 C = Vault XP percentage of total XP
 D = Non-vault monster count
 E = Vault monster count
 F = Vault count percentage of total count
                 A         B        C        D         E       F
            +---------+---------+-------+---------+---------+-------
      Total |      84 |      79 |  48.5 |      19 |       4 |  17.4
            +---------+---------+-------+---------+---------+-------
        D:1 |      14 |       0 |   0.0 |       8 |       0 |   0.0
        D:2 |      70 |      79 |  53.0 |      11 |       4 |  26.7
            +---------+---------+-------+---------+---------+-------
